[Event "Early-Titled-Tuesday-Blitz-September-12-2023"]
[Site "Chess.com"]
[Date "2023.09.12"]
[Round "1"]
[White "Mikayel99"]
[Black "OPQRC"]
[Result "1-0"]
[WhiteElo "2337"]
[BlackElo "2608"]
[TimeControl "180+1"]
[EndTime "8:06:37 PDT"]
[Termination "Mikayel99 won by resignation"]

1. e4 c5 2. Nf3 Nc6 3. d4 cxd4 4. Nxd4 Nf6 5. Nc3 e6 6. a3 d5 7. exd5 Nxd5 8. Nxd5 Qxd5 9. Nxc6 Qxc6 10. Be3 Be7 11.
Qd2 O-O 12. O-O-O b5 13. Bd3 b4 14. axb4 Qa4 15. c3 Bb7 16. Qc2 Qxc2+ 17. Bxc2 Bxg2 18. Rhg1 Bf3 19. Rd7 Bf6 20. Rg3 Bc6 21. Rc7 Bd5 22. Rxa7 Be5 23. Rh3 Rac8 24. Bxh7+ Kh8 25. Bc5 Bg2 26. Rh5 Bf4+ 27. Kc2 Bf3 28. Rh3 Bg2 29. Rh4 Bg5 30. Rh5 Bf3 31. Rxg5 Kxh7 32. Bxf8 Rxf8 33. b5 f6 34. Rg3 Be4+ 35. Kb3 e5 36. Rgxg7+ 1-0

[Event "Early-Titled-Tuesday-Blitz-September-12-2023"]
[Site "Chess.com"]
[Date "2023.09.12"]
[Round "1"]
[White "CixPer1968"]
[Black "jeetjain"]
[Result "0-1"]
[WhiteElo "2176"]
[BlackElo "2559"]
[TimeControl "180+1"]
[EndTime "8:06:37 PDT"]
[Termination "jeetjain won on time"]

1. d4 Nf6 2. c4 b6 3. f3 d5 4. cxd5 e6 5. dxe6 Bxe6 6. e4 Bb4+ 7. Nc3 O-O 8. d5 Bc8 9. Bd3 Re8 10. Ne2 c6 11. dxc6 Nxc6 12. O-O h6 13. a3 Bd6 14.
Be3 Qe7 15. Rc1 Bb7 16. Re1 Rad8 17. Qc2 Bxh2+ 18. Kxh2 Qd6+ 19. Ng3 Qxd3 20. Qf2 Qd6 21. Nb5 Qb8 22. Kg1 Rd7 23. Nf5 Re5 24. Qh4 Rxb5 25. Bxh6 Ne8 26. Bxg7 Nxg7 27. Qg4 Rxf5 28. exf5 f6 29. Re6 Ne5 30. Rxe5 Qxe5 0-1

[Event "Early-Titled-Tuesday-Blitz-September-12-2023"]
[Site "Chess.com"]
[Date "2023.09.12"]
[Round "1"]
[White "Eagle_2019"]
[Black "Jojo_898"]
[Result "1-0"]
[WhiteElo "2685"]
[BlackElo "2382"]
[TimeControl "180+1"]
[EndTime "8:06:38 PDT"]
[Termination "Eagle_2019 won by resignation"]

1. d4 Nf6 2. g3 d5 3. Bg2 e6 4. Nf3 Ne4 5. O-O f5 6. c4 c6 7.
b3 g5 8. Ne5 Nd7 9. Nd3 h5 10.
f3 Nd6 11. Nc3 Bg7 12. e3 Nf6 13. cxd5 exd5 14. Ne5 Be6 15. Ba3 Nf7 16. Ng6 Rh6 17.
Ne5 Nxe5 18. dxe5 Nd7 19. f4 g4 20. Qd2 Kf7 21. Rad1 Bf8 22. Bxf8 Qxf8 23. e4 dxe4 24. Nxe4 h4 25. Ng5+ Kg8 26. Nxe6 Rxe6 27. Qxd7 Rae8 28.
gxh4 Rh6 29. Rd6 Rxh4 30. Rg6+ Kh8 31. Qd6 Qxd6 32. Rxd6 Re7 33. Rfd1 Rhh7 34. Rd8+ Kg7 35. R1d7 Kf7 36. Rxe7+ Kxe7 37. Rb8 Ke6 38. Rf8 Rd7 39. Rf6+ Ke7 40. Rxf5 1-0

[Event "Early-Titled-Tuesday-Blitz-September-12-2023"]
[Site "Chess.com"]
[Date "2023.09.12"]
[Round "1"]
[White "savitha1030"]
[Black "stollenmonster"]
[Result "0-1"]
[WhiteElo "2477"]
[BlackElo "2847"]
[TimeControl "180+1"]
[EndTime "8:06:39 PDT"]
[Termination "stollenmonster won by resignation"]

1. Nf3 Nf6 2. g3 e6 3. b3 d5 4. Bb2 Be7 5. Bg2 O-O 6. O-O b6 7.
c4 Bb7 8. d3 c5 9. Nbd2 d4 10. Qc2 Nbd7 11. e3 dxe3 12. fxe3 Ng4 13. Rae1 Bf6 14. h3 Bxb2 15. Qxb2 Ngf6 16. d4 Qc7 17. Kh2 Rad8 18. e4 cxd4 19. Nxd4 Ne5 20. Qc3 Qd6 21. Nb5 Qb8 22. Nf3 Nxf3+ 23. Bxf3 Nd7 24. e5 Bxf3 25. Rxf3 a6 26. Na3 Nc5 27. b4 Na4 28. Qc2 b5 29. c5 Rd4 30. c6 Qc7 31.
Re2 Rxb4 32. Rd3 Rb2 33. Rd7 Rxc2 34. Rxc2 Qxe5 35. c7 Nb6 36. Rd8 Qf6 37. Rcd2 g6 38. R2d6 Qf2+ 39. Kh1 Qc5 40. Rxb6 Qxc7 41. Rdd6 Qc1+ 42.
Kh2 Qxa3 43. Rxa6 Qb2+ 44. Kg1 Kg7 45. Rac6 Qxa2 46. h4 h5 47. Rb6 Qa3 48. Kg2 Qa8+ 49. Kf2 Rb8 0-1

[Event "Early-Titled-Tuesday-Blitz-September-12-2023"]
[Site "Chess.com"]
[Date "2023.09.12"]
[Round "1"]
[White "Leonid_Starozhilov"]
[Black "GiorgianBarbosa"]
[Result "1-0"]
[WhiteElo "2782"]
[BlackElo "2450"]
[TimeControl "180+1"]
[EndTime "8:06:39 PDT"]
[Termination "Leonid_Starozhilov won by resignation"]

1. e4 c5 2. Nf3 g6 3. c4 Bg7 4. d4 cxd4 5. Nxd4 Nc6 6. Be3 Nf6 7. Nc3 O-O 8. Be2 Nxd4 9. Bxd4 d6 10. O-O Bd7 11.
f3 Bc6 12. Rc1 Nd7 13. Be3 a5 14. Qd2 Nc5 15. Rfd1 Be5 16. Kh1 e6 17. Bd4 b6 18.
f4 Bxd4 19. Qxd4 Qh4 20. Qe3 Rad8 21. Bf3 Qe7 22. Rd2 h5 23. Rcd1 h4 24. Kg1 Kg7 25. b3 h3 26. g3 Qc7 27. Qf2 Qb7 28. Rxd6 Rxd6 29. Rxd6 e5 30. fxe5 Nxe4 31. Bxe4 Bxe4 32. Qf6+ Kg8 33. Rxb6 Qa7 34. Nxe4 a4 35. Qf2 axb3 36.
Rxg6+ fxg6 37. Qxa7 b2 38. Qb7 Rd8 39. Qxb2 1-0

[Event "Early-Titled-Tuesday-Blitz-September-12-2023"]
[Site "Chess.com"]
[Date "2023.09.12"]
[Round "1"]
[White "Yuruultei"]
[Black "CheckThis4"]
[Result "0-1"]
[WhiteElo "2350"]
[BlackElo "2654"]
[TimeControl "180+1"]
[EndTime "8:06:41 PDT"]
[Termination "CheckThis4 won by resignation"]

1. d4 Nf6 2. c4 e5 3. dxe5 Ng4 4. Nf3 Nc6 5. e3 Ngxe5 6. Be2 d6 7. O-O g6 8. Nc3 Bg7 9. Qc2 O-O 10. b3 Bf5 11.
e4 Nxf3+ 12. Bxf3 Nd4 13. Qd3 Nxf3+ 14. Qxf3 Bxe4 15. Nxe4 Bxa1 16. Bg5 f6 17. Bh6 Be5 18. Bxf8 Qxf8 19. Re1 Re8 20. g3 f5 21. Ng5 c6 22.
h4 Bf6 23. Rd1 Bxg5 24. hxg5 Re6 25. Kg2 Qe7 26. b4 Qxg5 27. b5 Qg4 28. Qb3 Qe4+ 29.
Kg1 Kg7 30. bxc6 bxc6 31. Qb7+ Re7 32. Rxd6 Rxb7 0-1

[Event "Early-Titled-Tuesday-Blitz-September-12-2023"]
[Site "Chess.com"]
[Date "2023.09.12"]
[Round "1"]
[White "Forge13"]
[Black "Daniel_Salinas"]
[Result "1-0"]
[WhiteElo "2642"]
[BlackElo "2341"]
[TimeControl "180+1"]
[EndTime "8:06:41 PDT"]
[Termination "Forge13 won by checkmate"]

1. e4 c5 2. Be2 Nc6 3. f4 d5 4.
d3 Nd4 5. Nf3 Nxe2 6. Qxe2 g6 7.
Nc3 dxe4 8. Nxe4 b6 9. Bd2 Bg7 10.
Bc3 Bxc3+ 11. bxc3 Bb7 12. O-O Nh6 13. c4 O-O 14. a4 Nf5 15. Kh1 Qc7 16. Ne5 f6 17. Ng4 Nd4 18. Qf2 f5 19. Nh6+ Kg7 20. Ng5 Qc6 21. Rg1 Kxh6 22. Qh4+ Kg7 23. Qxh7+ Kf6 24.
Rae1 e5 25. fxe5+ Kxg5 26. h4+ Kf4 27. Qh6+ Kg3 28. Qg5+ Kf2 29. Rgf1# 1-0

[Event "Early-Titled-Tuesday-Blitz-September-12-2023"]
[Site "Chess.com"]
[Date "2023.09.12"]
[Round "1"]
[White "Tssunami"]
[Black "Rakhmanov_Aleksandr"]
[Result "0-1"]
[WhiteElo "2450"]
[BlackElo "2783"]
[TimeControl "180+1"]
[EndTime "8:06:42 PDT"]
[Termination "Rakhmanov_Aleksandr won by checkmate"]

1. e4 c5 2. d4 cxd4 3. c3 d3 4.
Bxd3 Nc6 5. Nf3 g6 6. O-O Bg7 7. Re1 d6 8. Nbd2 Nf6 9. Nc4 O-O 10.
h3 Be6 11. Bg5 Nd7 12. Bh4 h6 13. Nxd6 Nde5 14. Nxe5 Nxe5 15. Nxb7 Qxd3 16. Bxe7 Rfb8 17. Nc5 Qxd1 18. Rexd1 Rxb2 19. Nxe6 fxe6 20. Rd6 Re8 21. Bh4 Nc4 22. Ra6 Rb7 23. Rc1 g5 24. Bg3 Be5 25. Bxe5 Nxe5 26. c4 Rc7 27. c5 Nd3 28. Rc3 Nxc5 29.
Ra5 Rec8 30. f3 Kf7 31. Kh2 Kf6 32. h4 Nd7 33. hxg5+ hxg5 34. Rxc7 Rxc7 35. Kg3 Ne5 36. a4 Nd3 37. Kg4 Nf2+ 38. Kg3 Nd3 39. Kg4 Rh7 40. Rb5 Nf2+ 41. Kg3 Nh1+ 42. Kg4 Rh4# 0-1

[Event "Early-Titled-Tuesday-Blitz-September-12-2023"]
[Site "Chess.com"]
[Date "2023.09.12"]
[Round "1"]
[White "Saif_Malek04"]
[Black "KorolDimitriy75"]
[Result "0-1"]
[WhiteElo "2630"]
[BlackElo "2368"]
[TimeControl "180+1"]
[EndTime "8:06:42 PDT"]
[Termination "KorolDimitriy75 won by checkmate"]

1. e4 c5 2. Nf3 d6 3. d4 cxd4 4. Nxd4 Nf6 5. Nc3 g6 6. Bc4 Bg7 7. Be3 O-O 8. Nde2 Nc6 9. f3 Bd7 10. Qd2 Qa5 11. Bh6 Ne5 12. Bb3 Rfc8 13. h4 Bh8 14. h5 Nc4 15. Bxc4 Rxc4 16. hxg6 fxg6 17.
Bg5 Rac8 18. Bxf6 Bxf6 19. Qh6 Rxc3 20. bxc3 Rxc3 21. Qxh7+ Kf8 22. Qh6+ Bg7 23. Qf4+ Kg8 24. Nxc3 Qxc3+ 25. Kf2 Bd4+ 26. Kg3 Be5 27. Rab1 Bc6 28.
Rbd1 Bxf4+ 29. Kxf4 Qxc2 30. Kg3 Qxa2 31. Rh4 Qe6 32.
Rdh1 Qe5+ 33. Kf2 a5 34. Rh6 Kg7 35. Rh7+ Kf6 36. Rh8 Ke6 37. Rg8 Qf6 38. Rh6 Qd4+ 39. Kg3 Kd7 40. Rhxg6 a4 41. Ra8 Qc5 42. Rgg8 a3 43. f4 Qe3+ 44. Kg4 Qxe4 45. Rgf8 Qxg2+ 46. Kf5 Be4# 0-1

[Event "Early-Titled-Tuesday-Blitz-September-12-2023"]
[Site "Chess.com"]
[Date "2023.09.12"]
[Round "1"]
[White "GeorgiosSouleidis"]
[Black "mishanick"]
[Result "0-1"]
[WhiteElo "2534"]
[BlackElo "3083"]
[TimeControl "180+1"]
[EndTime "8:06:44 PDT"]
[Termination "mishanick won by checkmate"]

1. e4 c5 2. Be2 Nc6 3. d3 d5 4. f4 e6 5. Nf3 Bd6 6. O-O Nge7 7. c3 f6 8. a3 Qc7 9. g3 O-O 10. b4 b6 11. Be3 Bb7 12. Nbd2 Rad8 13. Qb3 Kh8 14. Rac1 Ba8 15. Rfe1 Qd7 16. Bf1 Qe8 17.
Bh3 Qf7 18. Bf2 Rfe8 19. Re2 h6 20. Rce1 g5 21. exd5 exd5 22. fxg5 hxg5 23. Be6 Qh7 24. Bxd5 Na5 25. bxa5 Bxd5 26. c4 Bc6 27. axb6 Qf5 28. Ne4 Qxf3 29. Nxd6 Qg2# 0-1

[Event "Early-Titled-Tuesday-Blitz-September-12-2023"]
[Site "Chess.com"]
[Date "2023.09.12"]
[Round "1"]
[White "S-Fazulyanov"]
[Black "sokidze"]
[Result "0-1"]
[WhiteElo "2441"]
[BlackElo "2777"]
[TimeControl "180+1"]
[EndTime "8:06:44 PDT"]
[Termination "sokidze won by resignation"]

1. e4 c5 2. Nf3 Nc6 3. d4 cxd4 4.
Nxd4 Nf6 5. Nc3 e5 6. Ndb5 d6 7.
Nd5 Nxd5 8. exd5 Nb8 9. c4 Be7 10. Be2 O-O 11. O-O a6 12. Nc3 f5 13. f4 Nd7 14. Kh1 Bf6 15. Be3 exf4 16. Bxf4 Ne5 17. Rc1 b6 18. b4 Bd7 19. Qd2 Rc8 20. Be3 Nxc4 21. Bxc4 Rxc4 22. Ne2 Rxc1 23. Rxc1 Be5 24. Nd4 f4 25. Bg1 Qf6 26. Nf3 b5 27. Nxe5 Qxe5 28. Rc7 Rf7 29. Qd4 Qf5 30. Qd2 f3 31. gxf3 Qxf3+ 32. Qg2 Qxg2+ 33. Kxg2 Bh3+ 34. Kxh3 Rxc7 35. Bf2 Kf7 36. Kg4 Rc4+ 0-1

[Event "Early-Titled-Tuesday-Blitz-September-12-2023"]
[Site "Chess.com"]
[Date "2023.09.12"]
[Round "1"]
[White "JiaHaoxiang"]
[Black "DKmirl"]
[Result "1-0"]
[WhiteElo "2582"]
[BlackElo "2265"]
[TimeControl "180+1"]
[EndTime "8:06:44 PDT"]
[Termination "JiaHaoxiang won on time"]

1. d4 Nf6 2. Nf3 e6 3. Bf4 c5 4. c3 cxd4 5. cxd4 b6 6. Nc3 Be7 7. e4 d6 8. Bb5+ Bd7 9. Rc1 O-O 10. O-O a6 11. Bd3 Ne8 12. Qe2 Nc6 13. d5 Nb4 14. Bb1 e5 15. Be3 a5 16. a3 Na6 17. Bd3 Nc5 18.
Bb5 Nf6 19. Bxc5 bxc5 20. Nd2 Rb8 21. a4 Ne8 22. Nc4 Nc7 23. Bxd7 Qxd7 24. Nxa5 Rb4 25. Nc6 Rb7 26. a5 Ra8 27. Ra1 Na6 28. Na4 Nb4 29.
Nb6 Rxb6 30. axb6 Rxa1 31. Nxe7+ Qxe7 32. Rxa1 g6 33. Qb5 Qg5 34. b7 Kg7 35. b8=Q Nc2 36.
Rf1 Nd4 37. Qd3 Qf4 38. Qxd6 h5 39. Qxc5 h4 40. Qe3 Qg4 41. h3 Ne2+ 42. Kh2 1-0

[Event "Early-Titled-Tuesday-Blitz-September-12-2023"]
[Site "Chess.com"]
[Date "2023.09.12"]
[Round "1"]
[White "masnyszachistaaa"]
[Black "inagreV"]
[Result "0-1"]
[WhiteElo "2556"]
[BlackElo "2259"]
[TimeControl "180+1"]
[EndTime "8:06:44 PDT"]
[Termination "inagreV won on time"]

1. e4 e5 2. Nf3 Nc6 3. Bb5 a6 4. Ba4 Nf6 5. O-O b5 6. Bb3 Bc5 7. d3 d6 8. c3 h6 9. Nbd2 Ne7 10. d4 Bb6 11. dxe5 dxe5 12. Nxe5 O-O 13. Qe2 Bb7 14. Bc2 Qd6 15. Ng4 Nxg4 16. Qxg4 Rfe8 17. Nf3 Ng6 18. Re1 Qf6 19. Be3 Bxe3 20. Rxe3 Rad8 21. Rae1 Ne5 22.
Nxe5 Qxe5 23. f4 Qc5 24. Kh1 f5 25. Qe2 fxe4 26. Bxe4 Bxe4 27. Rxe4 Rxe4 28. Qxe4 Qf2 29. Rg1 Qxb2 30. Qe7 Rf8 31. Qxc7 Qxa2 32. h3 Qc4 33. Qd6 Qxc3 34. Qxa6 b4 35. Qe6+ Kh8 36. f5 b3 37. Kh2 b2 38. Qb6 Rxf5 39. Rb1 Qe5+ 40.
Kh1 Rf6 0-1

[Event "Early-Titled-Tuesday-Blitz-September-12-2023"]
[Site "Chess.com"]
[Date "2023.09.12"]
[Round "1"]
[White "AleksandraMilovic"]
[Black "Ind1anStar"]
[Result "0-1"]
[WhiteElo "2120"]
[BlackElo "2555"]
[TimeControl "180+1"]
[EndTime "8:06:45 PDT"]
[Termination "Ind1anStar won by resignation"]

1. e3 g6 2. Nc3 Bg7 3. d4 d6 4. Bc4 Nd7 5. Nf3 e6 6. O-O a6 7. a4 b6 8. e4 Ne7 9. Ng5 h6 10. Nf3 O-O 11. Be3 Bb7 12. Qd2 Kh7 13. Rfe1 f5 14.
exf5 Nxf5 15. Be2 Qf6 16. d5 exd5 17. Nxd5 Bxd5 18. Qxd5 Nxe3 19. fxe3 Qxb2 20. Bd3 Rae8 21. Nh4 Ne5 22. Rab1 Qc3 23. Be4 Bf6 24. Nf3 Nxf3+ 25.
gxf3 Re5 26. Qb7 Rg5+ 27. Kf1 Rf7 28. Bd5 Qd2 29. Re2 Qxd5 30. Qxd5 Rxd5 31. c4 Rc5 32. Rc2 d5 33. Rbc1 dxc4 34. Rxc4 Rxc4 35. Rxc4 c5 0-1

[Event "Early-Titled-Tuesday-Blitz-September-12-2023"]
[Site "Chess.com"]
[Date "2023.09.12"]
[Round "1"]
[White "YEIKO2017"]
[Black "platy3"]
[Result "0-1"]
[WhiteElo "2505"]
[BlackElo "2917"]
[TimeControl "180+1"]
[EndTime "8:06:46 PDT"]
[Termination "platy3 won by resignation"]

1. e4 e5 2. Nf3 Nc6 3. Bb5 Nf6 4. O-O Nxe4 5. Re1 Nd6 6. Nxe5 Be7 7. Bd3 O-O 8. Nc3 Nxe5 9. Rxe5 Bf6 10. Re3 c6 11. b3 Re8 12. Ba3 Rxe3 13. fxe3 Ne8 14. Qf3 d5 15. Rf1 Be6 16. Ne2 Nd6 17. Nf4 Qd7 18. Nh5 Be5 19. h3 f5 20. Be2 Ne4 21. d3 Nd2 22. Qf2 Nxf1 23. Bxf1 Qf7 24. Nf4 Bd7 25. d4 Bf6 26. Be2 Re8 27. Bh5 g6 28. Bf3 Be7 29. Bc1 Bd6 30. Nd3 Qf6 31. h4 Re7 32. c4 dxc4 33. bxc4 Be6 34. d5 cxd5 35. cxd5 Bd7 36.
Bb2 Qf8 37. h5 Qh6 38. hxg6 Qxe3 39. gxh7+ Kxh7 40. Be2 Bg3 41. Qxe3 Rxe3 42. Kf1 Bb5 43. Nc1 b6 44. Bd4 Re4 45. Bf2 Bxf2 46. Kxf2 Bxe2 47.
Nxe2 Kg6 48. g3 Kf6 49. Nf4 Ke5 0-1

[Event "Early-Titled-Tuesday-Blitz-September-12-2023"]
[Site "Chess.com"]
[Date "2023.09.12"]
[Round "1"]
[White "LoaySameer"]
[Black "LevonAronian"]
[Result "0-1"]
[WhiteElo "2527"]
[BlackElo "3034"]
[TimeControl "180+1"]
[EndTime "8:06:48 PDT"]
[Termination "LevonAronian won by resignation"]

1. Nf3 d5 2. g3 Nc6 3. d4 Bf5 4. Bg2 Nb4 5. Na3 e6 6. O-O Nf6 7. c3 Nc6 8. Qa4 Nd7 9. c4 Nb6 10. Qb3 Be4 11. c5 Bxf3 12. exf3 Nd7 13. Be3 Rb8 14. Qd3 b6 15. cxb6 Rxb6 16. Rab1 Nb4 17. Qd2 Nxa2 18. Nc2 Nb4 19. f4 g6 20. f5 gxf5 21.
Bg5 Be7 22. Bh6 Rg8 23. Ra1 Qb8 24. Nxb4 Bxb4 25. Qc2 Bf8 26. Bf4 Bd6 27. Bxd6 cxd6 28. Ra2 Nf6 29. Rfa1 Rb7 30. Qc6+ Kf8 31. Qc1 Rg6 32. Bf1 Kg7 33. Ba6 Rc7 34. Qd2 Ne4 35. Qe3 Qb4 36. Bf1 f4 37. Qd3 fxg3 38. hxg3 Rf6 39. b3 Rc3 40. Qd1 Rcf3 41. Bg2 Rxf2 42. Bxe4 Rxa2 43. Qg4+ Rg6 44. Bxg6 Rxa1+ 45. Bb1+ Kf8 46.
Qd1 Qc3 47. Kg2 Qb2+ 48. Qc2 Qxc2+ 49. Bxc2 Ra2 0-1

[Event "Early-Titled-Tuesday-Blitz-September-12-2023"]
[Site "Chess.com"]
[Date "2023.09.12"]
[Round "1"]
[White "Rud_Makarian"]
[Black "tandaleo"]
[Result "1-0"]
[WhiteElo "2965"]
[BlackElo "2517"]
[TimeControl "180+1"]
[EndTime "8:06:49 PDT"]
[Termination "Rud_Makarian won by resignation"]

1. d4 Nf6 2. c4 d6 3. Nf3 Nbd7 4. Nc3 e5 5. e4 Be7 6. g3 O-O 7. Bg2 Re8 8. O-O c6 9. Re1 Bf8 10. h3 b6 11. Be3 Bb7 12. d5 c5 13. Kh1 g6 14.
Qd2 Bg7 15. Rg1 a6 16. a4 Nf8 17. g4 Bc8 18. Bf1 Bd7 19. Be2 h5 20. Nh2 Qc7 21. gxh5 gxh5 22. Bg5 Ng6 23. Bxf6 Bxf6 24. Bxh5 Kh7 25.
Bxg6+ fxg6 26. Rg3 Bh4 27. Ng4 Bxg4 28. Rxg4 Qe7 29.
Rag1 Rg8 30. f4 exf4 31. Qxf4 Bf6 32. Qg3 Raf8 33. Rxg6 Bxc3 34. Qg4 Rg7 35. bxc3 Rff7 36. Rxg7+ Rxg7 37. Qxg7+ Qxg7 38. Rxg7+ Kxg7 39. Kg2 1-0

[Event "Early-Titled-Tuesday-Blitz-September-12-2023"]
[Site "Chess.com"]
[Date "2023.09.12"]
[Round "1"]
[White "DumbKing75"]
[Black "emeli_chess"]
[Result "1-0"]
[WhiteElo "2657"]
[BlackElo "2361"]
[TimeControl "180+1"]
[EndTime "8:06:49 PDT"]
[Termination "DumbKing75 won by resignation"]

1. Nf3 f5 2. g3 Nf6 3. Bg2 g6 4. O-O Bg7 5. c4 d6 6. Nc3 e5 7.
d3 O-O 8. Rb1 h6 9. b4 Be6 10.
Nh4 g5 11. Bxb7 Nbd7 12. Bxa8 Qxa8 13. Ng2 f4 14. e4 f3 15. Ne3 g4 16. Ncd5 Qe8 17. h4 Qh5 18. Nxc7 Bf7 19. Ncd5 Re8 20. Nxf6+ Bxf6 21. Nf5 Nf8 22. Qd2 Bg5 23. Nxh6+ Bxh6 24. Qxh6 Ne6 25. Qxh5 Bxh5 26. Be3 Re7 27. Rfc1 Be8 28. c5 Bb5 29. cxd6 Rd7 30. Rc8+ Kf7 31. Bc5 Bxd3 32. Re1 Be2 33. Ra8 Nxc5 34. bxc5 Ke6 35. Rc8 Rb7 36. c6 Rb1 37. Rxb1 1-0

[Event "Early-Titled-Tuesday-Blitz-September-12-2023"]
[Site "Chess.com"]
[Date "2023.09.12"]
[Round "1"]
[White "OchsenfroschGambit"]
[Black "AliKa2810"]
[Result "0-1"]
[WhiteElo "2141"]
[BlackElo "2558"]
[TimeControl "180+1"]
[EndTime "8:06:49 PDT"]
[Termination "AliKa2810 won on time"]

1. d4 Nf6 2. c4 g6 3. Nc3 Bg7 4. e4 d6 5. Be2 O-O 6. Be3 e5 7. d5 Na6 8. g4 Nc5 9. f3 a5 10. h4 c6 11. h5 cxd5 12. cxd5 a4 13. Qd2 Qa5 14. Nb5 Qb6 15. Rc1 Nfd7 16. Nh3 Ra5 17. Nxd6 Qxd6 18. Qxa5 b6 19. Qd2 f5 20. hxg6 hxg6 21. gxf5 gxf5 22. Ng5 Nf6 23. Bb5 fxe4 24. Bxc5 bxc5 25. fxe4 Ng4 26. Ne6 Rf2 27. Qg5 Bxe6 28. dxe6 Qd4 29. Bc6 Rxb2 30. Rf1 Qb4+ 31. Kd1 Qd4+ 32.
Ke1 Qd3 0-1

[Event "Early-Titled-Tuesday-Blitz-September-12-2023"]
[Site "Chess.com"]
[Date "2023.09.12"]
[Round "1"]
[White "GP9isback23"]
[Black "crazy_m_attack"]
[Result "1-0"]
[WhiteElo "2678"]
[BlackElo "2379"]
[TimeControl "180+1"]
[EndTime "8:06:50 PDT"]
[Termination "GP9isback23 won on time"]

1. Nf3 Nf6 2. c4 e6 3. Nc3 d5 4. d4 Be7 5. Bg5 O-O 6. e3 h6 7. Bh4 Ne4 8. Bxe7 Qxe7 9. Be2 Nxc3 10. bxc3 dxc4 11. Bxc4 c5 12. O-O Nc6 13. a4 b6 14. Be2 Bb7 15. Qb1 Rfd8 16. Rd1 Rac8 17. Qb2 Na5 18. Rac1 c4 19. Nd2 Qd7 20. Qb4 Ba6 21.
Bf3 Nc6 22. Qa3 Qd6 23. Qa2 Na5 24. e4 e5 25. d5 Nb7 26. Bg4 Rc5 27. Be2 Na5 28.
f3 Rdc8 29. Nf1 f5 30. Nd2 f4 31. Rb1 R8c7 32. Rb4 Nb3 33. Qb2 Nd4 34. Bf1 Nb3 35.
Nxb3 cxb3 36. Bxa6 Rxc3 37. Rb5 R7c4 38. h3 Qg6 39. Qf2 Rc2 40. Qf1 b2 41. Rxb2 Rxb2 42. Bxc4 1-0

[Event "Early-Titled-Tuesday-Blitz-September-12-2023"]
[Site "Chess.com"]
[Date "2023.09.12"]
[Round "1"]
[White "DTChess"]
[Black "MightyGMpretender"]
[Result "1-0"]
[WhiteElo "2479"]
[BlackElo "2810"]
[TimeControl "180+1"]
[EndTime "8:06:52 PDT"]
[Termination "DTChess won by resignation"]

1. e4 g6 2. d4 Bg7 3. Nc3 a6 4.
Nge2 d6 5. Be3 b5 6. a3 Nd7 7. Qd2 Bb7 8. f3 Ngf6 9. d5 O-O 10.
h4 h5 11. Nd4 Ne5 12. Be2 c5 13. dxc6 Nxc6 14. g4 Ne5 15. O-O-O Rc8 16. gxh5 Nxh5 17. Rhg1 Nc4 18. Bxc4 Rxc4 19. Nde2 b4 20. axb4 Rxb4 21. Bd4 Rxd4 22. Nxd4 Qa5 23. Kb1 Rb8 24. Nb3 Qc7 25.
Rg5 Bh6 26. Rxg6+ Bg7 27. Rxg7+ Nxg7 28. Rg1 f6 29. Qh6 e6 30. Qxf6 Qf7 31. Qg5 Kh7 32. h5 Rf8 33. h6 Ne8 34. Nd4 d5 35. exd5 Bxd5 36. Nxd5 exd5 37. Re1 Kh8 38. Re7 Qf6 39. Qxf6+ Nxf6 40. Ra7 Nd7 41. Rxd7 1-0

[Event "Early-Titled-Tuesday-Blitz-September-12-2023"]
[Site "Chess.com"]
[Date "2023.09.12"]
[Round "1"]
[White "Agibileg"]
[Black "HeinichessPY"]
[Result "1/2-1/2"]
[WhiteElo "2629"]
[BlackElo "2346"]
[TimeControl "180+1"]
[EndTime "8:06:53 PDT"]
[Termination "Game drawn - insufficient material"]

1. d4 Nf6 2. c4 c5 3. d5 b5 4.
cxb5 a6 5. e3 g6 6. Nc3 Bg7 7. a4 O-O 8. e4 d6 9. Bg5 Nbd7 10. Nf3 axb5 11. Bxb5 Ba6 12. O-O Bxb5 13. axb5 Rxa1 14. Qxa1 Qb6 15. Nd2 Qb7 16. Qa6 Qc7 17. Nc4 Rb8 18. Ra1 Nb6 19. Nxb6 Rxb6 20. Qa8+ Rb8 21. Qc6 Qb6 22. Qxb6 Rxb6 23. Ra8+ Bf8 24. Bh6 Nd7 25. h4 Rb8 26. Rxb8 Nxb8 27. Bxf8 Kxf8 28. f4 Ke8 29. Kf2 Kd7 30. h5 Kc7 31. Na4 Nd7 32.
b3 gxh5 33. Kf3 e6 34. dxe6 fxe6 35. Ke3 Nf6 36. Kd3 h4 37. e5 Nd5 38. b6+ Kc6 39. exd6 Nxf4+ 40. Ke4 Nxg2 41. Nxc5 Kxd6 42. Nxe6 Kc6 43.
Ng5 Kxb6 44. Kf3 Ne1+ 45. Kg4 Nd3 46. Kxh4 Kb5 47. Kh5 Kb4 48. Nxh7 Kxb3 1/2-1/2

[Event "Early-Titled-Tuesday-Blitz-September-12-2023"]
[Site "Chess.com"]
[Date "2023.09.12"]
[Round "1"]
[White "cottage_cheese"]
[Black "Journey_to_GrandMaster_YT"]
[Result "0-1"]
[WhiteElo "2319"]
[BlackElo "2627"]
[TimeControl "180+1"]
[EndTime "8:06:53 PDT"]
[Termination "Journey_to_GrandMaster_YT won on time"]

1. e4 d6 2. d4 Nf6 3. Nc3 e5 4. Nf3 Nbd7 5. Bc4 Be7 6. O-O O-O 7.
Re1 c6 8. a4 a5 9. b3 exd4 10.
Nxd4 Ne5 11. Bf1 Re8 12. h3 Bf8 13. Bb2 Qb6 14. Qd2 Bd7 15. Rad1 Rad8 16. Nf5 Bxf5 17. exf5 d5 18. Ne2 Bb4 19. c3 Ne4 20. Qf4 Bc5 21. Nd4 Bd6 22. Qh4 Be7 23. Qh5 Bf6 24. Kh1 Nxf2+ 25. Kh2 Qc7 26. Kg1 Nxd1 27. Rxd1 Nd7 28.
Rd3 Nc5 29. Rf3 Re1 30. g4 Ne4 31. Nc2 Rb1 32. Ba3 Nd2 33. Rf2 Qg3+ 0-1

[Event "Early-Titled-Tuesday-Blitz-September-12-2023"]
[Site "Chess.com"]
[Date "2023.09.12"]
[Round "1"]
[White "chessfatbear"]
[Black "Chessbard1972"]
[Result "1-0"]
[WhiteElo "2845"]
[BlackElo "2476"]
[TimeControl "180+1"]
[EndTime "8:06:54 PDT"]
[Termination "chessfatbear won by checkmate"]

1. Nf3 Nf6 2. g3 g6 3. Bg2 Bg7 4. O-O O-O 5. c4 d6 6. Nc3 e5 7. d3 Nc6 8. Rb1 Nh5 9. b4 f5 10. Nd2 f4 11. b5 Ne7 12. Ba3 a6 13. c5 axb5 14. Qb3+ Kh8 15. cxd6 cxd6 16. Nxb5 d5 17. Bxe7 Qxe7 18. Qxd5 Be6 19. Qxb7 Qxb7 20. Bxb7 Rxa2 21.
Rfd1 fxg3 22. hxg3 Bh6 23. Nf3 Rxe2 24. Re1 Rxe1+ 25.
Rxe1 Rb8 26. Bc6 Bg7 27. Nxe5 Bxe5 28. Rxe5 Bf5 29. d4 Nf6 30. d5 Be4 31. Nc3 Bf3 32.
Re3 Bg4 33. Kg2 Bd7 34. Bxd7 Nxd7 35. Re7 Rd8 36. Ne4 Nb6 37. Nf6 Nxd5 38. Rxh7# 1-0

[Event "Early-Titled-Tuesday-Blitz-September-12-2023"]
[Site "Chess.com"]
[Date "2023.09.12"]
[Round "1"]
[White "sqmorr"]
[Black "Pingah9"]
[Result "0-1"]
[WhiteElo "2187"]
[BlackElo "2564"]
[TimeControl "180+1"]
[EndTime "8:06:54 PDT"]
[Termination "Pingah9 won by resignation"]

1. d4 Nf6 2. c4 e6 3. Nf3 b6 4. g3 Ba6 5. b3 Bb4+ 6. Bd2 Be7 7.
Bg2 Bb7 8. O-O O-O 9. Bc3 d5 10. Nbd2 c5 11. dxc5 bxc5 12. e3 Nbd7 13. Qc2 Rc8 14. Rad1 Qb6 15. Rfe1 Rfd8 16. Ba1 h6 17. cxd5 exd5 18. Ne5 Nf8 19. Ndf3 Ne6 20. Nh4 d4 21. Nc4 Qa6 22. Bxb7 Qxb7 23. exd4 cxd4 24. Nf5 Bb4 25. Re2 Qf3 26. Qd3 Qh5 27. Kg2 Nc5 28.
Qf3 Qxf3+ 29. Kxf3 Ne6 30. Kg2 Kh7 31. h3 a5 32. Rd3 a4 33. g4 axb3 34. Rxb3 Rxc4 35. Kf3 d3 36. Re5 d2 0-1

[Event "Early-Titled-Tuesday-Blitz-September-12-2023"]
[Site "Chess.com"]
[Date "2023.09.12"]
[Round "1"]
[White "FairChess_on_YouTube"]
[Black "GKARU"]
[Result "1-0"]
[WhiteElo "3037"]
[BlackElo "2526"]
[TimeControl "180+1"]
[EndTime "8:06:56 PDT"]
[Termination "FairChess_on_YouTube won on time"]

1. d4 d5 2. c4 dxc4 3. e3 Nf6 4. Bxc4 e6 5. Nf3 a6 6. O-O c5 7.
dxc5 Qxd1 8. Rxd1 Bxc5 9. Be2 Ke7 10. Nc3 b5 11. Nd2 Bb7 12. Nb3 Bb6 13. a4 b4 14. a5 Ba7 15. Na4 Nbd7 16. Bd2 Rhc8 17.
Bxb4+ Ke8 18. Rac1 Nd5 19. Ba3 Rab8 20. Bd6 Ra8 21.
Nac5 Nxc5 22. Nxc5 Bxc5 23. Bxc5 Rc6 24. e4 Nf4 25. Bf1 Rac8 26. b4 e5 27. Rb1 Ne6 28. Bd6 f6 29. b5 Rc2 30. Bd3 R2c3 31. bxa6 Ba8 32. a7 Nf4 33. Ba6 Rd8 34. Rb8 1-0